 Dungeon Crawl Stone Soup version 0.18-a0-801-gb01a236 (webtiles) character file.

199 JokEr the Sneak (level 5, 0/37 HPs)
             Began as an Octopode Fighter on Dec 14, 2015.
             Slain by Raultor's ghost (14 damage)
             ... on level 4 of the Dungeon.
             The game lasted 00:04:27 (2626 turns).

JokEr the Sneak (Octopode Fighter)                  Turns: 2626, Time: 00:04:27

Health: 0/37       AC:  1    Str: 16    XL:     5   Next: 77%
Magic:  5/5        EV: 13    Int: 10    God:
Gold:   168        SH:  8    Dex: 12    Spells: 0 memorised, 4 levels left

rFire  . . .     SeeInvis .     a - +0 war axe
rCold  . . .     Clarity  .     b - +0 shield
rNeg   . . .     SustAt   .     (helmet restricted)
rPois  .         Gourm    .     (no amulet)
rElec  .         Spirit   .     g - +3 ring of evasion
rCorr  .         Dismiss  .     (no ring)
rMut   .         Stasis   .     (no ring)
MR     .....                    (no ring)
Stlth  ++++......               (no ring)
                                (no ring)
                                (no ring)
                                (no ring)

@: not resistant to hostile enchantments, stealthy
A: almost no armour, amphibious, 8 rings, constrict 8, camouflage 1, gelatinous
body 1
a: no special abilities


You were on level 4 of the Dungeon.
You were not hungry.

You visited 1 branch of the dungeon, and saw 4 of its levels.

You collected 168 gold pieces.

Inventory:

Hand Weapons
 a - a +0 war axe (weapon)
Armour
 b - a +0 shield (worn)
Jewellery
 g - a +3 ring of evasion (left tentacle)
 w - a cursed ring of teleportation {unknown}
Scrolls
 i - 2 scrolls of remove curse
 j - 3 scrolls of teleportation
 p - a scroll of noise
 q - 3 scrolls of identify
 u - a scroll of magic mapping
 v - a scroll of immolation {unknown}
 y - a scroll of blinking {unknown}
Potions
 c - 4 potions of might
 e - 4 potions of lignification {unknown}
 h - a potion of flight {unknown}
 k - a potion of brilliance {unknown}
 l - a potion of mutation {unknown}
 m - a potion of magic {unknown}
 n - 2 potions of heal wounds {unknown}
 o - a potion of curing {unknown}
 r - 2 potions of agility {unknown}
 s - a potion of poison {unknown}
 t - a potion of experience {unknown}
Comestibles
 d - 4 bread rations
 f - a slice of pizza
 x - a beef jerky


   Skills:
 + Level 4.2 Fighting
 + Level 3.7 Axes
 - Level 3.0 Dodging
 + Level 4.3 Stealth
 - Level 3.0 Shields


You had 4 spell levels left.
You didn't know any spells.

Dungeon Overview and Level Annotations

Branches:
Dungeon (4/15)
 Temple: D:4-7

Altars:
Ashenzari
Gozag
Pakellas

Annotations:
D:4 Raultor's ghost, amateur NaMo


Innate Abilities, Weirdness & Mutations

You cannot wear most types of armour.
You are amphibious.
You can wear up to eight rings at the same time.
You can use your tentacles to constrict eight enemies at once.
Your skin changes colour to match your surroundings (Stealth).
Your rubbery body absorbs attacks (AC +1).


Message History

You closely miss Raultor's ghost.
Raultor's ghost is lightly damaged.
You block Raultor's ghost's attack.
You closely miss Raultor's ghost. You squeeze Raultor's ghost.
Raultor's ghost is lightly damaged.
Raultor's ghost hits you.
You slash Raultor's ghost! You squeeze Raultor's ghost!
Raultor's ghost is heavily damaged.
Raultor's ghost misses you. x2
You slash Raultor's ghost! Your squeeze misses Raultor's ghost.
Raultor's ghost is severely damaged.
Raultor's ghost assumes a wrestling stance.
You block Raultor's ghost's attack.
You closely miss Raultor's ghost.
Raultor's ghost is severely damaged.
Raultor's ghost hits you! Raultor's ghost misses you.
You hit Raultor's ghost but do no damage.
Raultor's ghost is severely damaged.
Raultor's ghost hits you!
You die...

# #. ###..
......####
#......@W#
#.#.#.......#
####.##..[.
.# ### .# ..
##


You could see Raultor's ghost.

Vanquished Creatures
  An orc priest (D:3)
  Jessica (D:2)
  Natasha (thrice) (D:3)
  5 adders
  A worm (D:3)
  7 orcs (D:3)
  3 bats
  3 giant cockroaches
  6 hobgoblins
  4 kobolds
  2 quokkas (D:2)
  A giant newt (D:3)
  10 goblins
  12 rats
59 creatures vanquished.

Notes
Turn   | Place    | Note
--------------------------------------------------------------
     0 | D:1      | JokEr the Octopode Fighter began the quest for the Orb.
     0 | D:1      | Reached XP level 1. HP: 16/16 MP: 1/1
   121 | D:1      | Reached skill level 1 in Stealth
   181 | D:1      | Reached XP level 2. HP: 21/21 MP: 2/2
   589 | D:2      | Found a faded altar to an unknown god.
   753 | D:2      | Reached XP level 3. HP: 21/26 MP: 3/3
   879 | D:2      | Noticed Jessica
   884 | D:2      | Killed Jessica
   884 | D:2      | Reached XP level 4. HP: 29/31 MP: 4/4
  1063 | D:2      | Found an opulent altar of Gozag.
  1692 | D:3      | Found an oddly glowing altar of Pakellas.
  1693 | D:3      | Noticed Natasha
  1698 | D:3      | Killed Natasha
  1698 | D:3      | Reached XP level 5. HP: 35/37 MP: 5/5
  1704 | D:3      | Reached skill level 4 in Fighting
  1790 | D:3      | Noticed Natasha
  1802 | D:3      | Killed Natasha
  1935 | D:3      | Found a shattered altar of Ashenzari.
  2171 | D:3      | Noticed Natasha
  2184 | D:3      | Killed Natasha
  2619 | D:4      | Noticed Raultor's ghost (amateur NaMo)
  2626 | D:4      | Slain by Raultor's ghost

Vault maps used:
D:1:      minmay_arrival_four_houses
D:2:      lemuel_crystal_altar, first_bread, ecumenical_altar_1, uniq_jessica
D:3:      old_standard_altar, nicolae_ashenzari_panopticon, uniq_natasha
D:4:      minmay_temple_entry_statues

Action                   |  1- 3 |  4- 6 || total
-------------------------+-------+-------++-------
Melee: War axe           |    45 |    84 ||   129
  Use: Scroll            |     4 |     2 ||     6
 Stab: Sleeping          |     7 |     5 ||    12
  Eat: Bread ration      |       |     1 ||     1
       Chunk             |       |     1 ||     1
